 Dungeon Crawl Stone Soup version 0.28-a0-1143-gcf6077d4cc (webtiles) character file.

Game seed: 7411377519078024822

112 SensoryNuts the Slasher (level 4, -3/34 HPs)
             Began as a Demonspawn Gladiator on Dec 13, 2021.
             Succumbed to a scorpion's poison
             ... on level 3 of the Dungeon.
             The game lasted 00:02:35 (1784 turns).

SensoryNuts the Slasher (Demonspawn Gladiator)      Turns: 1784, Time: 00:02:36

Health: -3/34      AC:  9    Str: 16    XL:     4   Next: 64%
Magic:  4/4        EV:  7    Int:  9    God:
Gold:   41         SH:  0    Dex: 15    Spells: 3/3 levels left

rFire   . . .      SeeInvis .   a - +0 long sword
rCold   . . .      Faith    .   (no shield)
rNeg    . . .      Spirit   .   h - +0 chain mail
rPois   .          Reflect  .   c - +0 helmet
rElec   .          Harm     .   (no cloak)
rCorr   .          Rampage  .   (no gloves)
Will    .....                   (no boots)
Stlth   ..........              (no amulet)
HPRegen 0.11/turn               (no ring)
MPRegen 0.09/turn               (no ring)

@: lethally poisoned (-3 -> -22)
A: hooves 1, ignite blood 1
a: no special abilities


You were on level 3 of the Dungeon.
You visited 1 branch of the dungeon, and saw 3 of its levels.

You collected 41 gold pieces.

Inventory:

Hand Weapons
 a - a +0 long sword (weapon)
Missiles
 d - 3 throwing nets (quivered)
Armour
 b - a +0 leather armour
 c - a +0 helmet (worn)
 h - a +0 chain mail (worn)


   Skills:
 + Level 2.5 Fighting
 + Level 3.6 Long Blades
 + Level 1.8 Throwing
 + Level 2.1 Armour
 + Level 3.0 Dodging


You had 3 spell levels left.
You didn't know any spells.
Your spell library was empty.

Dungeon Overview and Level Annotations

Branches:
Dungeon (3/15)

Altars:


Innate Abilities, Weirdness & Mutations

You have large cloven feet.
Your demonic aura sometimes causes spilled blood to erupt in flames.


Message History

The scorpion is lightly wounded.
You feel very sick.
The scorpion stings you but does no damage.
The scorpion barely misses you.
You closely miss the scorpion. Your kick misses the scorpion.
The scorpion is lightly wounded.
You feel very sick. The scorpion closely misses you.
You feel better.
The scorpion stings you but does no damage.
The scorpion stings you.
You closely miss the scorpion.
The scorpion is lightly wounded.
The scorpion stings you.
You hit the scorpion but do no damage. Your kick misses the scorpion.
The scorpion is lightly wounded.
The scorpion barely misses you.
You hit the scorpion but do no damage.
The scorpion is lightly wounded.
The scorpion stings you but does no damage.
The scorpion stings you!
* * * LOW HITPOINT WARNING * * *
You are lethally poisoned!
The scorpion poisons you!
You hit the scorpion but do no damage.
You kick the scorpion, but do no damage.
The scorpion is lightly wounded.
* * * LOW HITPOINT WARNING * * *
You feel very sick.
The scorpion stings you but does no damage.
You hit the scorpion but do no damage. You kick the scorpion.
The scorpion is moderately wounded.
* * * LOW HITPOINT WARNING * * *
You feel sick. The scorpion stings you.
* * * LOW HITPOINT WARNING * * *
You are more poisoned.
The scorpion poisons you! The scorpion closely misses you.
You barely miss the scorpion.
The scorpion is moderately wounded.
You die...

# .##### #
..########......
..
........#..$....
#..
#........g......
#...
#######.#.b.###.
.... #g#...#
#.#. #s#...#
S.S. ####@#.#.#
#.## #....#.#..
#.####.# ## #.#
.# #.#
#.#####.####.#
#...........>#
#######.######
#.#


You could see a scorpion and a goblin.

Vanquished Creatures
  2 orc wizards (D:3)
  2 worms (D:2)
  3 dart slugs
  4 orcs (D:3)
  4 endoplasms
  3 giant cockroaches
  2 goblins (D:1)
  2 hobgoblins (D:2)
  2 jackals (D:2)
  4 kobolds
  2 quokkas (D:1)
  3 ball pythons
  5 bats
  6 frilled lizards
  3 rats
47 creatures vanquished.

Notes
Turn   | Place    | Note
-------+----------+-------------------------------------------
     0 | D:1      | SensoryNuts the Demonspawn Gladiator began the quest for
                  | the Orb.
     0 | D:1      | Reached XP level 1. HP: 16/16 MP: 1/1
   133 | D:1      | Gained mutation: You have large cloven feet. [demonic
                  | ancestry]
   133 | D:1      | Reached XP level 2. HP: 6/22 MP: 2/2
   812 | D:1      | You fall into a shaft and drop 1 floor!
   812 | D:2      | Found a faded altar of an unknown god.
   847 | D:2      | Gained mutation: Your demonic aura sometimes causes spilled
                  | blood to erupt in flames. [demonic ancestry]
   847 | D:2      | Reached XP level 3. HP: 26/28 MP: 3/3
  1080 | D:2      | Reached skill level 1 in Armour
  1560 | D:3      | Reached XP level 4. HP: 34/34 MP: 4/4
  1762 | D:3      | Noticed a scorpion
  1784 | D:3      | Succumbed to a scorpion's poison

Illustrated notes

Levels and vault maps discovered:
D:1:      heliophobic_arrival_glass_houses, layout_basic
D:2:      layout_basic, hellmonk_ecumenical_altar_run_dry
D:3:      layout_loops_ring, worldfamousw_hep_ancestral_shrine,
          biasface_ghost_orc_armoury

Skill      XL: |  1  2  3  4 |
---------------+-------------+-----
Long Blades    | 3 |  3.6
Dodging        | 3 |  3.0
Armour         | 1 2 |  2.1
Fighting       | |  2.5
Throwing       | |  1.8

Action                   |  1- 3 |  4- 6 || total
-------------------------+-------+-------++-------
Melee: Long sword        |   105 |    27 ||   132
       Kick              |    25 |     7 ||    32
  Use: Scroll            |     2 |     2 ||     4
       Potion            |     1 |     2 ||     3
Armor: Leather armour    |    15 |       ||    15
       Chain mail        |    51 |    20 ||    71
Dodge: Dodged            |    47 |    10 ||    57

Table legend: (Time is in decaauts)
 A = Elapsed time spent in this place.
 B = Non-inter-level travel time spent in this place.
 C = Inter-level travel time spent in this place.
 D = Time resting spent in this place.
 E = Time spent auto-exploring this place.
 F = Levels seen in this place.
 G = Mean time per level.
                   A        B        C        D        E       F      G
               +--------+--------+--------+--------+--------+-----+--------+
         Total |   1814 |   1814 |      0 |      0 |   1378 |   3 |  604.7 |
       Dungeon |   1814 |   1814 |      0 |      0 |   1378 |   3 |  604.7 |
               +--------+--------+--------+--------+--------+-----+--------+

Top non-repeatable levels by time:
     D:1: 825 daAuts
     D:2: 753 daAuts
     D:3: 234 daAuts
